3AA
SAN ANTONIO BC @ RICHLAND RAILS
09/16/2034
 
TOP OF THE 1ST
San Antonio BC batting - Pitching for Richland Rails : RHP Hirohisa Niiya
Pitching: RHP Hirohisa Niiya
Batting: LHB Jesús Hernández 0-0: Ball
1-0: Foul Ball, location: 2F
1-1: Fly out, F8 (Flyball, 8RM)
Batting: RHB Ramón Robles 0-0: Ball
1-0: Ground out 4-3 (Groundball, 4)
Batting: RHB Alfonso Torres 0-0: Foul Ball, location: 2F
0-1: Foul Ball, location: 2F
0-2: Ball
1-2: Strikes out swinging
Top of the 1st over - 0 runs, 0 hits, 0 errors, 0 left on base; San Antonio 0 - Richland 0
BOTTOM OF THE 1ST
Richland Rails batting - Pitching for San Antonio BC : RHP Clyde Pell
Pitching: RHP Clyde Pell
Batting: RHB Hsui-chuan Hong 0-0: Ball
1-0: Foul Ball, location: 2F
1-1: Ball
2-1: Ball
3-1: Ground out 4-3 (Groundball, 4)
Batting: RHB Corey Hines 0-0: SINGLE (Groundball, 6MD)
Batting: RHB Tadamichi Yamamoto 0-0: Swinging Strike
0-1: Ball
1-1: Ball
2-1: Foul Ball, location: 2F
2-2: Foul Ball, location: 2F
2-2: Foul Ball, location: 2F
2-2: Foul Ball, location: 2F
2-2: Ball
3-2: Foul Ball, location: 2F
3-2: Strikes out swinging
Batting: SHB Alvin Peterson 0-0: Ball
1-0: Called Strike
1-1: Fielders Choice at 2nd, 6-4 (Groundball, 6MD)
Bottom of the 1st over - 0 runs, 1 hit, 0 errors, 1 left on base; San Antonio 0 - Richland 0
TOP OF THE 2ND
San Antonio BC batting - Pitching for Richland Rails : RHP Hirohisa Niiya
Batting: RHB Silverberry Mouhon 0-0: Called Strike
0-1: Called Strike
0-2: Ball
1-2: Ball
2-2: Strikes out looking
Batting: RHB Chet Mathis 0-0: Ball
1-0: Ball
2-0: Fly out, F7 (Line Drive, 7)
Batting: LHB Pablo Morales 0-0: Ball
1-0: Ball
2-0: Ball
3-0: Called Strike
3-1: Base on Balls
Batting: RHB Carlos Cardoza 0-0: Called Strike
0-1: SINGLE (Groundball, 4MD)
Pablo Morales to second
Runner from 2nd tries for 3rd, SAFE, no throw
Batting: RHB Brodie Floyd 0-0: Ball
1-0: Swinging Strike
1-1: Ball
2-1: Foul Ball, location: 2F
2-2: Foul Ball, location: 2F
2-2: Ball
3-2: Base on Balls
Carlos Cardoza to second
Batting: RHB Ben Hampton 0-0: Ball
1-0: Ball
2-0: Called Strike
2-1: Ball
3-1: Base on Balls
Pablo Morales scores
Carlos Cardoza to third
Brodie Floyd to second
Batting: LHB Jesús Hernández 0-0: Ball
1-0: Ball
2-0: Called Strike
2-1: Ball
3-1: Called Strike
3-2: Base on Balls
Carlos Cardoza scores
Brodie Floyd to third
Ben Hampton to second
Batting: RHB Ramón Robles 0-0: Called Strike
0-1: Foul Ball, location: 2F
0-2: Ball
1-2: Ball
Wild Pitch!
Brodie Floyd scores
Ben Hampton to third
Jesús Hernández to second
2-2: Strikes out swinging
Top of the 2nd over - 3 runs, 1 hit, 0 errors, 2 left on base; San Antonio 3 - Richland 0
BOTTOM OF THE 2ND
Richland Rails batting - Pitching for San Antonio BC : RHP Clyde Pell
Batting: LHB Emosi Whiu 0-0: Ball
1-0: Called Strike
1-1: Swinging Strike
1-2: Foul Ball, location: 2F
1-2: Strikes out looking
Batting: RHB Pedro Martínez 0-0: Swinging Strike
0-1: Ball
1-1: Swinging Strike
1-2: Ball
2-2: Strikes out swinging
Batting: RHB Frank Simon 0-0: Fly out, F9 (Flyball, 9D)
Bottom of the 2nd over - 0 runs, 0 hits, 0 errors, 0 left on base; San Antonio 3 - Richland 0
TOP OF THE 3RD
San Antonio BC batting - Pitching for Richland Rails : RHP Hirohisa Niiya
Batting: RHB Alfonso Torres 0-0: SINGLE (Groundball, 5S) (infield hit)
Batting: RHB Silverberry Mouhon 0-0: Ball
1-0: Swinging Strike
1-1: Swinging Strike
1-2: Strikes out swinging
Batting: RHB Chet Mathis 0-0: Ball
Alfonso Torres is caught stealing 2nd base
1-0: Ball
2-0: Called Strike
2-1: Ground out 4-3 (Groundball, 4M)
Top of the 3rd over - 0 runs, 1 hit, 0 errors, 0 left on base; San Antonio 3 - Richland 0
BOTTOM OF THE 3RD
Richland Rails batting - Pitching for San Antonio BC : RHP Clyde Pell
Batting: RHB Jung-heum Ho 0-0: Called Strike
0-1: Ball
1-1: Called Strike
1-2: Strikes out swinging
Batting: SHB Miguel González 0-0: Ball
1-0: Called Strike
1-1: Ball
2-1: Foul Ball, location: 2F
2-2: Ground out 1-3 (Groundball, 13)
Batting: RHB Hsui-chuan Hong 0-0: Called Strike
0-1: SINGLE (Groundball, 4MD)
Batting: RHB Corey Hines 0-0: Called Strike
0-1: Ball
1-1: Foul Ball, location: 2F
1-2: Foul Ball, location: 2F
1-2: Ball
2-2: Fly out, F4 (Line Drive, 4)
Bottom of the 3rd over - 0 runs, 1 hit, 0 errors, 1 left on base; San Antonio 3 - Richland 0
TOP OF THE 4TH
San Antonio BC batting - Pitching for Richland Rails : RHP Hirohisa Niiya
Batting: LHB Pablo Morales 0-0: Foul Ball, location: 2F
0-1: Foul Ball, location: 2F
0-2: Ball
1-2: Ball
2-2: Hit by Pitch
Batting: RHB Carlos Cardoza 0-0: Fly out, F6 (Popup, 6MS)
Batting: RHB Brodie Floyd 0-0: Ball
1-0: Ball
2-0: Called Strike
2-1: Foul Ball, location: 2F
2-2: Strikes out swinging
Batting: RHB Ben Hampton 0-0: Ball
1-0: Called Strike
1-1: Foul Ball, location: 2F
1-2: Foul Ball, location: 2F
1-2: Strikes out looking
Top of the 4th over - 0 runs, 0 hits, 0 errors, 1 left on base; San Antonio 3 - Richland 0
BOTTOM OF THE 4TH
Richland Rails batting - Pitching for San Antonio BC : RHP Clyde Pell
Batting: RHB Tadamichi Yamamoto 0-0: Foul Ball, location: 2F
0-1: Ground out 5-3 (Groundball, 56S)
Batting: SHB Alvin Peterson 0-0: Ball
1-0: Ball
2-0: Called Strike
2-1: Ball
3-1: SOLO HOME RUN (Line Drive, 9D), Distance : 365 ft
Batting: LHB Emosi Whiu 0-0: Ball
1-0: Called Strike
1-1: Ball
2-1: Swinging Strike
2-2: Ball
3-2: Strikes out swinging
Batting: RHB Pedro Martínez 0-0: Called Strike
0-1: Foul Ball, location: 2F
0-2: Ball
1-2: Fly out, F8 (Flyball, 8LS)
Bottom of the 4th over - 1 run, 1 hit, 0 errors, 0 left on base; San Antonio 3 - Richland 1
TOP OF THE 5TH
San Antonio BC batting - Pitching for Richland Rails : RHP Hirohisa Niiya
Pitching: RHP Luis Pérez
Batting: LHB Jesús Hernández 0-0: Ground out U3 (Groundball, 2R)
Batting: RHB Ramón Robles 0-0: Called Strike
0-1: Ball
1-1: Foul Ball, location: 2F
1-2: Ball
2-2: Ground out 4-3 (Groundball, 4)
Batting: RHB Alfonso Torres 0-0: Ground out 6-3 (Groundball, 6)
Top of the 5th over - 0 runs, 0 hits, 0 errors, 0 left on base; San Antonio 3 - Richland 1
BOTTOM OF THE 5TH
Richland Rails batting - Pitching for San Antonio BC : RHP Clyde Pell
Batting: RHB Frank Simon 0-0: Ball
1-0: Called Strike
1-1: Ball
2-1: Foul Ball, location: 2F
2-2: Ball
3-2: Strikes out swinging
Batting: RHB Jung-heum Ho 0-0: Foul Ball, location: 2F
0-1: Ground out 5-3 (Groundball, 5)
Batting: SHB Miguel González 0-0: SINGLE (Line Drive, 8RS)
Batting: RHB Hsui-chuan Hong 0-0: Ball
1-0: Foul Ball, location: 2F
1-1: SINGLE (Line Drive, 89S)
Miguel González to second
Runner from 2nd tries for 3rd, SAFE, no throw
Batting: RHB Corey Hines 0-0: Ball
1-0: Ball
2-0: Ground out U3 (Groundball, 3S)
Bottom of the 5th over - 0 runs, 2 hits, 0 errors, 2 left on base; San Antonio 3 - Richland 1
TOP OF THE 6TH
San Antonio BC batting - Pitching for Richland Rails : RHP Luis Pérez
Batting: RHB Silverberry Mouhon 0-0: Called Strike
0-1: Ball
1-1: SOLO HOME RUN (Flyball, 7LD), Distance : 323 ft
Batting: RHB Chet Mathis 0-0: Foul Ball, location: 2F
0-1: Ball
1-1: DOUBLE (Line Drive, 9LD)
Batting: LHB Pablo Morales 0-0: Ball
1-0: Ball
2-0: Ball
3-0: Base on Balls
Batting: RHB Carlos Cardoza 0-0: Ground out 6-3 (Groundball, 6MS)
Chet Mathis to third
Pablo Morales to second
Batting: RHB Brodie Floyd 0-0: Intentional Walk
Batting: RHB Ben Hampton 0-0: Called Strike
0-1: Foul Ball, location: 2F
0-2: Ball
1-2: Ball
2-2: Ball
3-2: Foul Ball, location: 2F
3-2: Base on Balls
Chet Mathis scores
Pablo Morales to third
Brodie Floyd to second
Pitching: RHP Carlton Roberts
Batting: LHB Jesús Hernández 0-0: Ball
1-0: Fly out, F7 (Flyball, 7)
Runner from 3rd tags up, OUT at HOME
Top of the 6th over - 2 runs, 2 hits, 0 errors, 2 left on base; San Antonio 5 - Richland 1
BOTTOM OF THE 6TH
Richland Rails batting - Pitching for San Antonio BC : RHP Clyde Pell
Batting: RHB Tadamichi Yamamoto 0-0: Ball
1-0: Foul Ball, location: 2F
1-1: Ground out 6-3 (Groundball, 6MS)
Batting: SHB Alvin Peterson 0-0: Fly out, F7 (Flyball, 78D)
Batting: LHB Emosi Whiu 0-0: Ball
1-0: Called Strike
1-1: Foul Ball, location: 2F
1-2: Ball
2-2: Ball
3-2: Foul Ball, location: 2F
3-2: Foul Ball, location: 2F
3-2: Foul Ball, location: 2F
3-2: Foul Ball, location: 2F
3-2: DOUBLE (Line Drive, 78D)
Batting: RHB Pedro Martínez 0-0: Swinging Strike
0-1: Ground out 6-3 (Groundball, 6M)
Bottom of the 6th over - 0 runs, 1 hit, 0 errors, 1 left on base; San Antonio 5 - Richland 1
TOP OF THE 7TH
San Antonio BC batting - Pitching for Richland Rails : RHP Carlton Roberts
Batting: RHB Ramón Robles 0-0: Ball
1-0: Fly out, F8 (Flyball, 8RM)
Batting: RHB Alfonso Torres 0-0: Ball
1-0: Called Strike
1-1: Ball
2-1: Ball
3-1: Called Strike
3-2: Base on Balls
Batting: RHB Silverberry Mouhon 0-0: Ball
Alfonso Torres steals 2nd base
1-0: Foul Ball, location: 2F
1-1: Ball
2-1: Foul Ball, location: 2F
2-2: Fly out, F8 (Flyball, 8RS)
Batting: RHB Chet Mathis 0-0: Foul Ball, location: 2F
0-1: Foul Ball, location: 2F
0-2: Ball
1-2: Fly out, F8 (Flyball, 8RM)
Top of the 7th over - 0 runs, 0 hits, 0 errors, 1 left on base; San Antonio 5 - Richland 1
BOTTOM OF THE 7TH
Richland Rails batting - Pitching for San Antonio BC : RHP Clyde Pell
Batting: RHB Frank Simon 0-0: Called Strike
0-1: Foul Ball, location: 2F
0-2: Foul Ball, location: 2F
0-2: Ball
1-2: Foul Ball, location: 2F
1-2: Ball
2-2: Foul Ball, location: 2F
2-2: DOUBLE (Line Drive, 7LM)
Pitching: LHP Andrew Valdés
Batting: RHB Jung-heum Ho 0-0: Ball
1-0: Ball
2-0: Ball
3-0: Base on Balls
Batting: SHB Miguel González 0-0: Ball
1-0: Foul Ball, location: 2F
1-1: Ball
2-1: Called Strike
2-2: Strikes out swinging
Batting: RHB Hsui-chuan Hong 0-0: Fly out, F8 (Flyball, 8RD)
Batting: RHB Corey Hines 0-0: Called Strike
0-1: Foul Ball, location: 2F
0-2: SINGLE (Line Drive, 7S)
Frank Simon to third
Jung-heum Ho to second
Batting: RHB Tadamichi Yamamoto 0-0: Ball
1-0: Swinging Strike
1-1: Ball
2-1: Fly out, F6 (Line Drive, 6)
Bottom of the 7th over - 0 runs, 2 hits, 0 errors, 3 left on base; San Antonio 5 - Richland 1
TOP OF THE 8TH
San Antonio BC batting - Pitching for Richland Rails : RHP Carlton Roberts
Batting: LHB Pablo Morales 0-0: Called Strike
0-1: Ball
1-1: Swinging Strike
1-2: Ball
2-2: Ball
3-2: Strikes out swinging
Batting: RHB Carlos Cardoza 0-0: Foul Ball, location: 2F
0-1: Ball
1-1: Called Strike
1-2: Foul Ball, location: 2F
1-2: Foul Ball, location: 2F
1-2: SINGLE (Groundball, 56D)
Batting: RHB Brodie Floyd 0-0: Ball
1-0: Reached on error, E6 (Groundball, 6)
Carlos Cardoza to second
Batting: RHB Ben Hampton 0-0: Called Strike
0-1: Ball
1-1: Ball
2-1: Fly out, F7 (Flyball, 7S)
Batting: LHB Jesús Hernández 0-0: Ball
1-0: Foul Ball, location: 2F
1-1: Ball
2-1: Swinging Strike
2-2: Fly out, F8 (Flyball, 8LS)
Top of the 8th over - 0 runs, 1 hit, 1 error, 2 left on base; San Antonio 5 - Richland 1
BOTTOM OF THE 8TH
Richland Rails batting - Pitching for San Antonio BC : LHP Andrew Valdés
Batting: SHB Alvin Peterson 0-0: Ball
1-0: Fly out, F8 (Flyball, 8RM)
Batting: LHB Emosi Whiu 0-0: Fly out, F9 (Flyball, 9LDF)
Batting: RHB Pedro Martínez 0-0: Called Strike
0-1: Foul Ball, location: 2F
0-2: Ball
1-2: Strikes out swinging
Bottom of the 8th over - 0 runs, 0 hits, 0 errors, 0 left on base; San Antonio 5 - Richland 1
TOP OF THE 9TH
San Antonio BC batting - Pitching for Richland Rails : RHP Carlton Roberts
Batting: RHB Ramón Robles 0-0: Ball
1-0: Called Strike
1-1: SINGLE (Groundball, 34D)
Batting: RHB Alfonso Torres 0-0: Ball
1-0: Foul Ball, location: 2F
1-1: Ball
2-1: Foul Ball, location: 2F
2-2: Ball
3-2: Base on Balls
Ramón Robles to second
Batting: RHB Silverberry Mouhon 0-0: Ball
1-0: Ball
2-0: Foul Ball, location: 2F
2-1: Fly out, F9 (Flyball, 9D)
Runner from 2nd tags up, SAFE at 3rd, no throw
Batting: RHB Chet Mathis 0-0: Called Strike
Alfonso Torres steals 2nd base
0-1: Foul Ball, location: 2F
0-2: Ball
1-2: Ball
2-2: Fly out, F7 (Flyball, 78S)
Batting: LHB Pablo Morales 0-0: Called Strike
0-1: Foul Ball, location: 2F
0-2: Ground out 4-3 (Groundball, 4)
Top of the 9th over - 0 runs, 1 hit, 0 errors, 2 left on base; San Antonio 5 - Richland 1
BOTTOM OF THE 9TH
Richland Rails batting - Pitching for San Antonio BC : LHP Andrew Valdés
Pitching: RHP Salvador Villegas
Batting: RHB Frank Simon 0-0: Ground out 6-3 (Groundball, 6)
Batting: RHB Jung-heum Ho 0-0: Ball
1-0: Ball
2-0: SINGLE (Flyball, 9LS)
Batting: SHB Miguel González 0-0: Ball
1-0: Called Strike
1-1: Ball
2-1: Ball
3-1: Base on Balls
Jung-heum Ho to second
Batting: RHB Hsui-chuan Hong 0-0: Called Strike
0-1: Ball
1-1: Fielders Choice at 2nd, 4-6 (Groundball, 4M)
Jung-heum Ho to third
Batting: RHB Corey Hines 0-0: Called Strike
0-1: Ball
1-1: Ground out 4-3 (Groundball, 4)
Bottom of the 9th over - 0 runs, 1 hit, 0 errors, 2 left on base; San Antonio 5 - Richland 1
Friday, March 29th, 2019 - OOTP Baseball 18.8 Build 76